 Dungeon Crawl Stone Soup version 0.18-a0-1718-g40ea4b6 (webtiles) character file.

170 dohliylev the Skirmisher (level 5, -1/34 HPs)
             Began as a Gargoyle Chaos Knight on Apr 8, 2016.
             Slain by a gnoll (4 damage)
             ... on level 3 of the Dungeon.
             The game lasted 00:05:50 (2107 turns).

dohliylev the Skirmisher (Gargoyle Chaos Knight)    Turns: 2107, Time: 00:05:51

Health: -1/34      AC:  9    Str: 17    XL:     5   Next: 50%
Magic:  5/5        EV: 11    Int: 12    God:    Xom [..*...]
Gold:   182        SH:  0    Dex:  9    Spells: 0 memorised, 4 levels left

rFire  . . .     SeeInvis .     l - -1 dagger (curse)
rCold  . . .     Gourm    .     b - +2 leather armour
rNeg   + . .     Faith    .     (no shield)
rPois  ∞         Spirit   .     (no helmet)
rElec  +         Dismiss  .     (no cloak)
rCorr  .         Reflect  .     (no gloves)
SustAt .         Harm     .     (no boots)
MR     .....     Rnd*Tele +     (no amulet)
Stlth  +.........               (no ring)
                                i - ring of teleportation (curse)

@: not resistant to hostile enchantments, very unstealthy
A: negative energy resistance 1, electricity resistance, unbreathing,
petrification resistance, rot immunity, AC +4
a: Renounce Religion


You were on level 3 of the Dungeon.
You worshipped Xom.
You were a toy of Xom.
You were not hungry.

You visited 1 branch of the dungeon, and saw 3 of its levels.

You collected 182 gold pieces.

Inventory:

Hand Weapons
 a - a +0 short sword of chaos
 h - a +1 halberd of chopping
 l - a cursed -1 dagger (weapon)
 t - a +1 dagger of venom
Armour
 b - a +2 leather armour (worn)
Jewellery
 i - a cursed ring of teleportation (left hand)
 j - an uncursed ring of see invisible {unknown}
 s - an uncursed ring of poison resistance {unknown}
Scrolls
 e - 2 scrolls of identify {unknown}
 m - 2 scrolls of enchant weapon {unknown}
 q - a scroll of remove curse {unknown}
 u - a scroll of fog {unknown}
Potions
 d - a potion of agility {unknown}
 f - a potion of beneficial mutation {unknown}
 k - 2 potions of berserk rage {unknown}
 n - a potion of resistance {unknown}
 p - 2 potions of flight {unknown}
Comestibles
 c - 2 bread rations
 g - 2 chunks of flesh
 o - 7 fruits
 r - 2 beef jerkies
 v - a meat ration


   Skills:
 + Level 4.6 Fighting
 + Level 3.6 Short Blades
 + Level 0.3 Polearms
 + Level 2.9 Armour
 + Level 2.0 Dodging
 + Level 0.2 Stealth


You had 4 spell levels left.
You didn't know any spells.

Dungeon Overview and Level Annotations

Branches:
Dungeon (3/15)

Altars:


Innate Abilities, Weirdness & Mutations

You are resistant to torment.
Your stone body is resilient (AC +4).
You are immune to poison.
You resist negative energy.
You are resistant to electric shocks.
You can survive without breathing.
You are immune to petrification.
You are immune to rotting.


Message History

The gnoll hits you but does no damage. The gnoll barely misses you.
The goblin hits you but does no damage. The gnoll hits you but does no damage.
The gnoll barely misses you. The worm barely misses you.
The gnoll closely misses you. The gnoll hits you. The goblin barely misses you.
The gnoll closely misses you. The gnoll barely misses you.
The gnoll hits you but does no damage. The gnoll misses you.
The goblin hits you but does no damage. The gnoll hits you but does no damage.
The gnoll hits you with a club.
* * * LOW HITPOINT WARNING * * *
The worm bites you but does no damage. The gnoll barely misses you.
The gnoll misses you. The goblin hits you but does no damage.
The gnoll hits you but does no damage. x3; The worm bites you.
* * * LOW HITPOINT WARNING * * *
The gnoll completely misses you. The goblin hits you but does no damage.
The gnoll hits you but does no damage. The gnoll hits you with a club.
* * * LOW HITPOINT WARNING * * *
The gnoll barely misses you. The gnoll hits you.
You die...
Xom thinks this is hilarious!

......# J
..#
......# ..
..#
......# #.
#.#
...#### #.
#.# ...#
+####.##.#
...#
.........#
...#
.........#
.###
.........#
##
......g@g#
......gwg#
.......g.#
.........#
.........#
.........#
.........#
.........#
## #..


You could see a worm, 4 gnolls and a goblin.

Vanquished Creatures
  A centaur skeleton (D:3)
  5 gnolls
  4 adders
  2 oozes
  A dart slug (D:1)
  3 giant geckos
  A giant cockroach (D:1)
  7 goblins
  4 hobgoblins
  6 jackals (D:2)
  4 kobolds
  4 bats
  A giant newt (D:1)
  5 rats
48 creatures vanquished.

Notes
Turn   | Place    | Note
--------------------------------------------------------------
     0 | D:1      | dohliylev the Gargoyle Chaos Knight began the quest for the Orb.
     0 | D:1      | Reached XP level 1. HP: 14/14 MP: 1/1
    62 | D:1      | Reached XP level 2. HP: 19/19 MP: 2/2
   177 | D:1      | XOM: divination: detect items
   408 | D:1      | Reached skill level 1 in Dodging
   468 | D:1      | Reached XP level 3. HP: 16/24 MP: 3/3
   475 | D:1      | XOM: silly message
   887 | D:2      | XOM: harmless Pois miscast
   888 | D:2      | XOM: potion effect (berserk rage)
   888 | D:2      | Reached skill level 4 in Fighting
   888 | D:2      | Reached XP level 4. HP: 29/29 MP: 4/4
   898 | D:2      | XOM: divination: detect creatures
   967 | D:2      | XOM: harmless Erth miscast
  1595 | D:2      | XOM: divination: detect creatures
  1609 | D:2      | Reached XP level 5. HP: 33/34 MP: 5/5
  1813 | D:3      | XOM: smoke on damage
  1815 | D:3      | XOM: confuse monster(s)
  1905 | D:3      | XOM: divination: detect creatures
  2021 | D:3      | XOM: enchant monster (good)
  2036 | D:3      | XOM: divination: magic mapping
  2107 | D:3      | Slain by a gnoll

Vault maps used:
D:1:      dpeg_arrival_signposts
D:2:      eino_curves_01

Skill      XL: |  1  2  3  4  5 |
---------------+----------------+-----
Dodging        | 1 2 |  2.0
Short Blades   | 3 |  3.6
Fighting       | 4 |  4.6
Polearms       | |  0.3
Armour         | |  2.9
Stealth        | |  0.2

Action                   |  1- 3 |  4- 6 || total
-------------------------+-------+-------++-------
Melee: Short sword       |    75 |     7 ||    82
       Halberd           |       |    53 ||    53
       Dagger            |       |    83 ||    83
  Eat: Chunk             |       |     5 ||     5
